AoeStats
← THL

Arabia

508798868Analyzed
1v1 RM · 8d ago on Sep 24, 2026· 33m 47s· 2 players
Game mode
Random Map
Map size
Tiny (2 player)
Population
200
Speed
Normal
Resources
Standard
Victory
Conquest
Starting age
Dark Age
Ending age
Imperial Age
RankedLock teamsTeams togetherTeam positionsShared explorationLock speedFull tech treeHidden civsTurbo modeCheats
Victory
Defeat
🇻🇳 Tatars · Vietnam
1764
+15
1744
-15
ELEG | Huitzilopochtli
6:30 Loom
8:39 Feudal Age
9:32 Double-Bit Axe
9:44 Town Watch
20:18 Castle Age
18:41 Gold Mining
19:29 Bloodlines
19:55 Forging
20:21 Scale Barding Armor
22:33 Husbandry
24:25 Bow Saw
24:02 Horse Collar
28:55 Wheelbarrow
30:15 Chain Barding Armor
31:58 Iron Casting
31:47 Town Watch
34:17 Hand Cart
THL
6:00 Loom
8:48 Feudal Age
9:35 Double-Bit Axe
19:58 Castle Age
18:43 Bloodlines
18:37 Horse Collar
18:48 Gold Mining
20:12 Fletching
21:52 Bodkin Arrow
22:29 Bow Saw
24:20 Husbandry
26:24 Wheelbarrow
28:11 Ballistics
28:47 Padded Archer Armor
33:45 Gold Shaft Mining
34:33 Leather Archer Armor
Connection lost

Rejoining the realm…

Still unreachable

The connection could not be restored.

Session expired

The server has moved on; the page needs a fresh start.